Map: Apotheosis LE

Players

Gracz

  • Race: Zerg Zerg
  • League: Bronze

HateMe - Winner!

  • Race: Protoss Protoss

VOD

Have the link to the VOD?

Description

Time

  • Played on: Aug. 28, 2016, 6:08 p.m.
  • Length: 12:15
Show
View Real Time Build Order
Export as new Build Order

Gracz Zerg 

Build Orders: Hatch First 

Get SALT Encoding   

  12  0:17  Drone  
  12  0:18  Drone  
  14  0:23  Extractor, Drone  
  15  0:50  Overlord  
  15  0:51  Hatchery  
  14  1:35  Drone x3  
  17  1:44  Spawning Pool  
  16  1:47  Extractor  
  15  2:05  Drone  
  16  2:23  Drone x2  
  16  2:25  Drone x2  
  20  2:37  Queen  
  20  2:40  Extractor  
  20  2:41  Drone  
  22  2:44  Drone  
  22  2:46  Drone  
  24  3:22  Zergling x4  
  24  3:23  Zergling x2  
  24  3:24  Zergling x2  
  24  3:25  Overlord  
  28  3:48  Zergling x10  
  33  4:15  Overlord  
  33  4:17  Lair  
  33  4:28  Zergling x4  
  29  5:25  Drone x2  
  29  5:27  Drone x3  
  34  5:38  Nydus Network  
  33  5:43  Hydralisk Den  
  33  5:48  Queen  
  34  5:55  Metabolic Boost  
  34  6:00  Evolution Chamber  
  33  6:09  Zergling x10  
  33  6:10  Zergling x4  
  40  6:14  Overlord  
  40  6:15  Overlord  
  40  6:36  Hydralisk x3  
  46  6:45  Drone  
  47  7:03  Hydralisk x3  
  53  7:27  Hydralisk x3  
  38  7:58  Nydus Canal  
  25  8:48  Drone x2  
  2  9:45  Hatchery  
  1  10:59  Drone  
  2  11:17  Spawning Pool  
  1  11:22  Drone x2  
Show
View Real Time Build Order
Export as new Build Order

HateMe Protoss - Winner!

Build Orders:  

Get SALT Encoding   

  12  0:01  Probe (Chrono Boost)  
  13  0:20  Probe (Chrono Boost)  
  14  0:26  Pylon  
  14  0:31  Probe (Chrono Boost)  
  15  0:44  Assimilator, Probe (Chrono Boost)  
  15  0:48  Assimilator  
  16  0:55  Probe (Chrono Boost)  
  17  1:00  Gateway  
  17  1:13  Probe (Chrono Boost)  
  18  1:24  Probe (Chrono Boost)  
  19  1:34  Probe (Chrono Boost)  
  20  1:45  Pylon, Probe (Chrono Boost)  
  21  1:55  Probe (Chrono Boost)  
  21  1:57  Cybernetics Core  
  22  2:06  Probe (Chrono Boost)  
  23  2:16  Nexus  
  23  2:35  Gateway  
  23  2:39  Pylon, Warp Gate  
  23  2:50  Gateway  
  23  3:04  Twilight Council  
  23  3:09  Pylon  
  23  3:13  Adept  
  27  3:29  Mothership Core (Chrono Boost), Probe (Chrono Boost)  
  28  3:37  Adept, Resonating Glaives  
  28  3:39  Adept, Probe (Chrono Boost)  
  33  3:51  Probe (Chrono Boost)  
  35  4:03  Probe (Chrono Boost)  
  35  4:15  Probe (Chrono Boost)  
  36  4:21  Probe (Chrono Boost)  
  37  4:28  Probe (Chrono Boost)  
  38  4:33  Probe (Chrono Boost)  
  40  4:40  Probe (Chrono Boost)  
  40  4:43  Robotics Facility  
  40  4:45  Probe (Chrono Boost)  
  39  4:52  Probe (Chrono Boost)  
  40  4:55  Adept  
  40  4:57  Probe (Chrono Boost)  
  43  5:04  Probe (Chrono Boost)  
  42  5:09  Adept x2  
  46  5:20  Pylon  
  46  5:24  Gateway x2  
  46  5:26  Gateway x2  
  46  5:31  Probe (Chrono Boost)  
  46  5:32  Warp Prism  
  49  5:42  Assimilator  
  50  5:43  Adept x2, Probe (Chrono Boost)  
  50  5:44  Assimilator  
  50  5:45  Adept  
  56  5:55  Probe (Chrono Boost)  
  57  6:07  Probe (Chrono Boost)  
  58  6:11  Nexus  
  58  6:14  Pylon  
  58  6:16  Pylon, Immortal  
  62  6:39  Pylon  
  62  7:17  Adept x4  
  62  7:18  Adept x3  
  76  8:00  Adept x5  
  76  8:01  Adept x2  
  69  8:36  Adept x6  
  69  8:37  Adept  
  76  9:35  Pylon  
  76  9:38  Pylon  
  76  9:51  Immortal  
  80  10:12  Stalker  
  82  10:27  Probe (Chrono Boost)  
  83  10:32  Pylon  
  83  10:34  Pylon  
  83  10:37  Stalker  
  83  10:38  Probe (Chrono Boost)  
  83  10:40  Pylon  
  86  10:51  Probe (Chrono Boost)  
  87  11:01  Probe (Chrono Boost)  
  88  11:12  Probe (Chrono Boost)  
  89  11:53  Stalker x5  
  89  11:54  Stalker  
Tags
 
Add a new tag
Caveats
  • Supply blocks, unpowered buildings, or Contaminate may cause inaccurate times.
  • Supply counts are checked every 10 seconds.